 Dungeon Crawl Stone Soup version 0.31-a0-214-gb37851dbb3 (webtiles) character file.

Game seed: 9570936197815970562

500 qw the Chopper (level 7, -8/43 HPs)
             Began as a Gargoyle Fighter on July 1, 2023.
             Killed from afar by Dowan (17 damage)
             ... with a shard of ice
             ... on level 4 of the Dungeon.
             The game lasted 00:01:25 (2395 turns).

qw the Chopper (Gargoyle Fighter)                   Turns: 2395, Time: 00:01:26

Health: -8/43      AC: 13    Str: 21    XL:     7   Next: 16%
Magic:  7/7        EV:  9    Int:  9    God:
Gold:   107        SH:  4    Dex:  9    Spells: 6/6 levels left

rFire   . . .        Y - +3 war axe
rCold   . . .        c - +0 buckler
rNeg    + . .        b - +0 scale mail
rPois   inf          f - +0 helmet
rElec   +            (no cloak)
rCorr   .            i - +0 pair of gloves
SInv    .            (no boots)
Will    .....        (no amulet) Stlth
                     (no ring)
HPRegen 0.27/turn    (no ring)
MPRegen 0.10/turn

%: clarity
@: no status effects
A: sickness immunity, AC +4, negative energy resistance 1, electricity
resistance, torment resistance 1, petrification resistance, clarity,
deterioration 1, MP-powered wands
a: no special abilities


You were on level 4 of the Dungeon.
You visited 1 branch of the dungeon, and saw 4 of its levels.

You collected 107 gold pieces.


Innate Abilities, Weirdness & Mutations

You are immune to sickness and miasma.
Your stone body is resilient. (AC +4)
You are immune to poison.
You resist negative energy. (rN+)
You are resistant to electric shocks. (rElec)
You are resistant to unholy torment.
You are immune to petrification.
You possess an exceptional clarity of mind.
Your body sometimes deteriorates upon taking damage.
You expend magic power (3 MP) to strengthen your wands.


   Skills:
 - Level 4.0 Fighting
 + Level 6.4 Axes
 - Level 3.2 Armour
 - Level 1.0 Dodging
 - Level 3.2 Shields


You had 6 spell levels left.
You didn't know any spells.
Your spell library was empty.

Inventory:

Hand Weapons
 m - a +0 flail
 Y - a +3 war axe (weapon)
Missiles
 l - a boomerang (quivered)
Armour
 b - a +0 scale mail (worn)
 c - a +0 buckler (worn)
 f - a +0 helmet (worn)
 h - a +0 chain mail
 i - a +0 pair of gloves (worn)
 o - the +0 robe of the Devil's Advocate {-Tele rF+ rN+ Str+3}
   (You took it off a kobold on level 3 of the Dungeon)

   Str:       It affects your strength (+3).
   rF:        It protects you from fire.
   rN:        It protects you from negative energy.
   -Tele:     It prevents most forms of teleportation.
Jewellery
 g - a ring of ice
 k - a ring of fire
Scrolls
 p - a scroll of identify
Potions
 a - a potion of curing
 d - a potion of might
 e - a potion of enlightenment
 j - a potion of heal wounds {unknown}
 n - a potion of cancellation

Dungeon Overview and Level Annotations

Branches:
Dungeon (4/15)
 Temple: D:4-7

Altars:
Elyvilon
Ru
Zin
The Shining One

Annotations:
D:4 Dowan


Message History

You closely miss Dowan. Duvessa hits you with a +0 rapier.
Dowan points at you and mumbles some strange words.
The puff of flame hits you but does no damage.
You slash Duvessa!
You kill Duvessa!
Dowan seems overcome with grief.
Dowan seems to find hidden reserves of power!
You closely miss Dowan. You block Dowan's attack.
Dowan hits you with a +0 dagger.
Your Axes skill increases to level 6!
You have reached level 7!
You closely miss Dowan. Dowan closely misses you. x2
You closely miss Dowan. Dowan hits you with a +0 dagger.
Dowan gestures wildly while chanting.
Dowan blinks!
2387 ||| Stepping ~*~*~tactically~*~*~ (hiding).
Enter note: You start resting.
Dowan is nearby!
2389 ||| Stepping ~*~*~tactically~*~*~ (hiding).
Dowan points at you and mumbles some strange words.
The shard of ice misses you.
You slice Dowan!!
Dowan is severely wounded.
Dowan gestures at you while chanting. The stone arrow hits you!
You closely miss Dowan.
Dowan is severely wounded.
Dowan mumbles some strange words.
Dowan blinks!
2393 ||| Stepping ~*~*~tactically~*~*~ (hiding).
You now have 107 gold pieces (gained 20).
Things that are here:
a +0 rapier; a +0 leather armour; the elf corpse of Duvessa
Enter note: Dowan gestures at you while chanting.
The shard of ice hits you!
You die...

##)# .. #%# #..
#######.### #..
..........# #.#
###.###...#
#.###..#..#...##
#....#...#......
#####..#...#...#..#.
####.e@.#...#...#...#..
.......#)..#...#...#...#
####.#...#...#...#...#..
#.....#...#...#...#...#
#.#.#...#...#...#...#..
.......#...#...#...#...#
..##.#...#...#...#...#..
#...#...#...#...#...#
#.#...#...#...#...#..


You could see Dowan (fast).

Vanquished Creatures
  Sigmund (D:2)
  Duvessa (D:4)
  A gnoll bouda (D:4)
  Robin (D:2)
  7 adders
  4 gnolls (D:4)
  2 worms
  A dart slug (D:2)
  An orc (D:3)
  3 endoplasms (D:1)
  4 giant cockroaches
  12 goblins
  12 hobgoblins
  4 jackals (D:3)
  3 quokkas
  3 ball pythons
  10 bats
  7 frilled lizards
  9 kobolds
  6 rats
92 creatures vanquished.

Notes
Turn   | Place    | Note
-------+----------+-------------------------------------------
     0 | D:1      | qw the Gargoyle Fighter began the quest for the Orb.
     0 | D:1      | Reached XP level 1. HP: 14/14 MP: 1/1
     0 | D:1      | 0 ||| qw: Version: 0.3-a-32-g5962c71
     0 | D:1      | 0 ||| qw: Game counter: 7570
     0 | D:1      | 0 ||| qw: Melee chars always use a shield: true
     0 | D:1      | 0 ||| qw: God list: Okawaru
     0 | D:1      | 0 ||| qw: Allow faded altars: false
     0 | D:1      | 0 ||| qw: Do Orc after clearing Dungeon:15 true
     0 | D:1      | 0 ||| qw: Do second Lair branch before Depths: true
     0 | D:1      | 0 ||| qw: Lair rune preference: random
     0 | D:1      | 0 ||| qw: Goals: Normal, Zot:1-4, Slime:5, God:TSO, Crypt,
                  | Tomb, Abyss, Pan, Hells, Win
     0 | D:1      | 0 ||| PLANNING D:1-11
    17 | D:1      | 17 ||| Stepping ~*~*~tactically~*~*~ (stealth).
    20 | D:1      | 20 ||| Stepping ~*~*~tactically~*~*~ (stealth).
    21 | D:1      | 21 ||| Stepping ~*~*~tactically~*~*~ (stealth).
    30 | D:1      | Reached skill level 2 in Axes
    34 | D:1      | 34 ||| Stepping ~*~*~tactically~*~*~ (stealth).
   141 | D:1      | Reached XP level 2. HP: 19/19 MP: 2/2
   529 | D:1      | 529 ||| Stepping ~*~*~tactically~*~*~ (hiding).
   545 | D:1      | Reached skill level 3 in Axes
   553 | D:1      | Reached XP level 3. HP: 20/23 MP: 3/3
   751 | D:1      | 751 ||| UPGRADING to +0 pair of gloves.
   756 | D:1      | 756 ||| DROPPING ring of flight.
   757 | D:1      | 757 ||| READING 3 scrolls labelled YNAJER DENON.
   758 | D:1      | 758 ||| READING 2 scrolls of enchant weapon.
   758 | D:1      | 758 ||| ENCHANTING +1 war axe.
   759 | D:1      | 759 ||| READING scroll of enchant weapon.
   759 | D:1      | 759 ||| ENCHANTING +2 war axe.
   760 | D:1      | 760 ||| DRINKING 3 smoky golden potions.
   760 | D:1      | Gained mutation: You occasionally lose the ability to read
                  | scrolls when taking damage. [potion of mutation]
   760 | D:1      | Gained mutation: Your muscles are strong. (Str +4, Int/Dex
                  | -1) [potion of mutation]
   760 | D:1      | Gained mutation: Your muscles are very strong. (Str +8,
                  | Int/Dex -2) [potion of mutation]
   761 | D:1      | 761 ||| DRINKING 2 potions of mutation.
   761 | D:1      | Lost mutation: Your muscles are very strong. (Str +8,
                  | Int/Dex -2) [potion of mutation]
   761 | D:1      | Lost mutation: You occasionally lose the ability to read
                  | scrolls when taking damage. [potion of mutation]
   761 | D:1      | Gained mutation: You expend magic power (3 MP) to
                  | strengthen your wands. [potion of mutation]
   761 | D:1      | Gained mutation: You are frail. (-10% HP) [potion of
                  | mutation]
   762 | D:1      | 762 ||| DRINKING potion of mutation.
   762 | D:1      | Lost mutation: You are frail. (-10% HP) [potion of
                  | mutation]
   762 | D:1      | Lost mutation: Your muscles are strong. (Str +4, Int/Dex
                  | -1) [potion of mutation]
   762 | D:1      | Gained mutation: You possess an exceptional clarity of
                  | mind. [potion of mutation]
   762 | D:1      | Gained mutation: Your body sometimes deteriorates upon
                  | taking damage. [potion of mutation]
   772 | D:1      | 772 ||| DRINKING 2 viscous clear potions.
   773 | D:1      | 773 ||| DROPPING potion of invisibility.
   801 | D:2      | 801 ||| Stepping ~*~*~tactically~*~*~ (stealth).
   838 | D:2      | Noticed Sigmund
   849 | D:2      | Killed Sigmund
   850 | D:2      | Reached skill level 5 in Axes
   850 | D:2      | Reached XP level 4. HP: 25/28 MP: 4/4
   850 | D:2      | Reached XP level 5. HP: 29/32 MP: 5/5
   907 | D:2      | 907 ||| Stepping ~*~*~tactically~*~*~ (stealth).
   917 | D:2      | 917 ||| Stepping ~*~*~tactically~*~*~ (stealth).
   918 | D:2      | 918 ||| Stepping ~*~*~tactically~*~*~ (stealth).
   970 | D:2      | 970 ||| Stepping ~*~*~tactically~*~*~ (hiding).
   976 | D:2      | Noticed Robin
   987 | D:2      | Killed Robin
   988 | D:2      | Reached XP level 6. HP: 22/38 MP: 6/6
  1184 | D:2      | 1184 ||| Stepping ~*~*~tactically~*~*~ (stealth).
  1313 | D:2      | Found a sacrificial altar of Ru.
  1511 | D:2      | 1511 ||| UPGRADING to +0 helmet.
  1516 | D:2      | 1516 ||| READING scroll labelled ODUNUH RUASHOB.
  1517 | D:2      | 1517 ||| READING scroll labelled AKEZESH OCZE.
  1518 | D:2      | 1518 ||| READING scroll labelled FIAHIR YXETH.
  1523 | D:2      | 1523 ||| DRINKING 2 purple potions.
  1524 | D:2      | 1524 ||| DRINKING 2 lumpy green potions.
  1695 | D:3      | Reached skill level 1 in Dodging
  2139 | D:3      | Identified the +0 robe of the Devil's Advocate {-Tele rF+
                  | rN+ Str+3}
  2151 | D:3      | Found a glowing golden altar of the Shining One.
  2154 | D:3      | Found a glowing silver altar of Zin.
  2154 | D:3      | Found a white marble altar of Elyvilon.
  2168 | D:3      | 2168 ||| READING scroll labelled CUITOMIWN.
  2169 | D:3      | 2169 ||| DRINKING 2 white potions.
  2291 | D:4      | 2291 ||| DROPPING +0 mace.
  2372 | D:4      | Noticed Duvessa
  2372 | D:4      | Noticed Dowan
  2373 | D:4      | 2373 ||| Stepping ~*~*~tactically~*~*~ (hiding).
  2384 | D:4      | Killed Duvessa
  2385 | D:4      | Reached skill level 6 in Axes
  2385 | D:4      | Reached XP level 7. HP: 24/43 MP: 7/7
  2387 | D:4      | 2387 ||| Stepping ~*~*~tactically~*~*~ (hiding).
  2389 | D:4      | 2389 ||| Stepping ~*~*~tactically~*~*~ (hiding).
  2391 | D:4      | HP: 8/43 [Dowan/stone arrow (13)]
  2393 | D:4      | 2393 ||| Stepping ~*~*~tactically~*~*~ (hiding).
  2395 | D:4      | Killed from afar by Dowan

Levels and vault maps discovered:
D:1:      dpeg_arrival_pits, layout_loops_ring, minmay_ruptured
D:2:      layout_loops_cross, basic_altar, uniq_sigmund, uniq_robin
D:3:      layout_loops_cross, dreamdust_divine_triumvirate
D:4:      layout_loops_ring, kiku_gazebo_garden_becter, hex_large,
          hangedman_decor_points, nicolae_grassy_gnolls, uniq_duvessa

Skill      XL: |  1  2  3  4  5  6 |
---------------+-------------------+-----
Axes           | 2 3 5 6 |  6.4
Fighting       | 4 |  4.0
Dodging        | 1 |  1.0
Armour         | |  3.2
Shields        | |  3.2

Action                     |  1- 3 |  4- 6 |  7- 9 || total
---------------------------+-------+-------+-------++-------
  Melee: War axe           |    86 |   134 |     4 ||   224
  Throw: Boomerang         |       |    14 |       ||    14
    Use: Potion            |     4 |     3 |       ||     7
         Scroll            |     3 |     4 |       ||     7
 Armour: Scale mail        |    45 |    71 |       ||   116
  Dodge: Dodged            |    47 |    69 |     3 ||   119
  Block: Buckler           |    14 |    33 |       ||    47

Table legend:
 A = Non-vault XP
 B = Vault XP
 C = Vault XP percentage of total XP
 D = Non-vault monster count
 E = Vault monster count
 F = Vault count percentage of total count
                 A         B        C        D         E       F
            +---------+---------+-------+---------+---------+-------
      Total |     197 |     518 |  72.4 |      67 |      25 |  27.2
            +---------+---------+-------+---------+---------+-------
        D:1 |      31 |       9 |  22.5 |      20 |       5 |  20.0
        D:2 |      47 |     261 |  84.7 |      20 |      14 |  41.2
        D:3 |      74 |       0 |   0.0 |      22 |       0 |   0.0
        D:4 |      45 |     248 |  84.6 |       5 |       6 |  54.5
            +---------+---------+-------+---------+---------+-------
